Description

Build HellraiseR Used to beat Serral, replay and analysis by Harstem:

https://www.youtube.com/watch?v=D41qC5mPlHY

VOD

https://youtu.be/D41qC5mPlHY

Replay - HellraiseR v Serral: Game 1 - Eternal Empire LE

Build Order

Get SALT Encoding   

  12  0:03  Probe  
  13  0:15  Probe  
  14  0:23  Pylon  
  14  0:25  Probe  
  15  0:37  Probe  
  16  0:47  Probe  
  17  1:00  Nexus  
  17  1:08  Gateway  
  17  1:11  Probe  
  17  1:17  Assimilator  
  18  1:21  Probe  
  18  1:25  Assimilator  
  19  1:29  Probe  
  19  1:35  Pylon  
  19  1:38  Probe  
  21  1:50  Probe  
  22  1:58  Zealot, Cybernetics Core  
  30  2:34  Stargate  
  31  2:38  Warp Gate  
  33  2:46  Stalker  
  37  3:03  Pylon  
  37  3:05  Oracle  
  39  3:15  Adept  
  47  3:30  Gateway x2  
  47  3:33  Assimilator  
  48  3:37  Oracle  
  49  3:42  Assimilator  
  53  3:48  Pylon  
  54  3:59  Pylon  
  56  4:10  Phoenix  
  56  4:11  Nexus  
  60  4:29  Adept x3  
  67  4:52  Adept x3  
  75  5:00  Stargate x2  
  76  5:13  Shield Battery  
  78  5:22  Phoenix  
  80  5:34  Protoss Air Weapons Level 1  
  82  5:36  Phoenix x3  
  83  5:49  Assimilator x2  
  90  5:53  Forge  
  90  5:56  Phoenix x2  
  96  6:06  Phoenix  
  98  6:14  Phoenix  
  98  6:15  Adept x2  
  92  6:23  Phoenix  
  103  6:41  Forge, Twilight Council  
  103  6:43  Photon Cannon  
  106  6:59  Protoss Ground Weapons Level 1  
  108  7:15  Charge  
  114  7:27  Zealot x3  
  120  7:37  Nexus  
  118  7:50  Gateway x2  
  118  7:56  Gateway  
  118  7:57  Robotics Facility  
  118  7:59  Templar Archives  
  118  8:03  Gateway x2  
  118  8:09  Zealot x2, Gateway  
  125  8:24  Shield Battery  
  127  8:27  Photon Cannon  
  127  8:36  Zealot x3  
  129  8:44  Protoss Ground Weapons Level 2  
  129  8:45  Warp Prism  
  128  8:53  Protoss Shields Level 1  
  129  8:56  High Templar x6  
  129  9:01  Archon x3  
  142  9:02  High Templar x2  
  142  9:08  Unknown  
  150  9:14  Zealot  
  150  9:15  Observer  
  149  9:17  Archon  
Spawning Tool Build Advisor. Get it on Overwolf

Analysis

*

Go to:

Details

  • Created by: diecesar
  • Published on: Jul 14, 2020
  • Modified on: Jul 14, 2020
  • Patch: 4.11.0
  • Difficulty: Hard
Show
View Real Time Build Order
Export as new Build Order

Comments (0)

There are no comments. Be the first!

Create an account to comment!